Map: Зона высадки РВ

Players

Makarios

  • Race: Protoss Protoss
  • League: Master
  • Spawn Location: 11:00

JEROS - Winner!

  • Race: Terran Terran
  • League: Master
  • Spawn Location: 5:00

VOD

Have the link to the VOD?

Description

Time

  • Played on: Nov. 18, 2018, 7:56 a.m.
  • Length: 8:16
Show
View Real Time Build Order
Export as new Build Order

Makarios Protoss 

Build Orders: 1 Gate Expand, Double Forge, Blink Stalkers 

Get SALT Encoding   

  12  0:01  Probe  
  13  0:13  Probe  
  14  0:19  Pylon  
  14  0:25  Probe  
  15  0:37  Probe (Chrono Boost)  
  15  0:41  Gateway  
  16  0:49  Probe (Chrono Boost)  
  17  0:53  Probe (Chrono Boost), Assimilator  
  18  1:04  Probe  
  19  1:23  Nexus  
  19  1:32  Cybernetics Core  
  19  1:37  Probe  
  20  1:41  Assimilator  
  20  1:49  Probe  
  20  1:51  Pylon  
  21  2:01  Probe  
  21  2:07  Stalker (Chrono Boost)  
  22  2:10  Warp Gate  
  22  2:13  Probe  
  25  2:26  Probe (Chrono Boost)  
  26  2:30  Stalker  
  26  2:31  Pylon  
  26  2:36  Probe (Chrono Boost)  
  29  2:38  Probe (Chrono Boost)  
  29  2:46  Probe (Chrono Boost)  
  29  2:47  Probe (Chrono Boost)  
  30  2:52  Probe x2  
  32  3:01  Robotics Facility  
  32  3:09  Probe x2  
  34  3:13  Assimilator x2  
  34  3:21  Probe x2  
  34  3:24  Twilight Council  
  33  3:34  Probe x2  
  35  3:45  Gateway  
  35  3:47  Gateway  
  35  3:53  Observer (Chrono Boost)  
  36  3:56  Blink (Chrono Boost)  
  36  3:59  Probe  
  36  4:00  Probe  
  38  4:06  Observer (Chrono Boost)  
  39  4:11  Probe  
  39  4:12  Probe  
  39  4:13  Stalker  
  43  4:19  Pylon  
  43  4:24  Probe x2  
  45  4:35  Observer  
  45  4:38  Probe x2  
  48  4:46  Forge  
  48  4:47  Forge  
  48  4:48  Pylon  
  48  4:50  Probe x2  
  48  4:51  Sentry x2  
  54  4:53  Stalker  
  54  4:57  Observer (Chrono Boost)  
  57  5:00  Shield Battery  
  57  5:01  Pylon  
  57  5:02  Probe  
  57  5:06  Probe  
  59  5:11  Observer  
  59  5:15  Stalker, Immortal (Chrono Boost)  
  59  5:20  Stalker  
  67  5:23  Stalker  
  69  5:37  Protoss Ground Armor Level 1 (Chrono Boost)  
  69  5:38  Nexus  
  69  5:39  Observer  
  69  5:45  Protoss Ground Weapons Level 1 (Chrono Boost)  
  69  5:48  Observer  
  69  5:52  Zealot x2  
  69  5:54  Charge  
  73  6:14  Probe x2  
  75  6:23  Stalker  
  77  6:28  Pylon  
  77  6:30  Probe, Pylon  
  78  6:34  Pylon  
  78  6:35  Pylon  
  78  6:43  Immortal (Chrono Boost)  
  78  6:46  Probe  
  83  6:49  Gateway  
  83  6:50  Gateway  
  83  6:55  Gateway  
  83  6:56  Gateway  
  83  7:00  Pylon  
  83  7:02  Pylon  
  83  7:03  Probe x3  
  86  7:16  Immortal  
  86  7:19  Zealot x3  
  83  7:47  Zealot  
  83  7:49  Zealot x2  
  68  8:03  Zealot x4  
  61  8:11  Zealot x2  
Show
View Real Time Build Order
Export as new Build Order

JEROS Terran - Winner!

Build Orders: Reaper Expand 

Get SALT Encoding   

  12  0:01  SCV  
  13  0:13  SCV  
  14  0:17  Supply Depot  
  14  0:25  SCV  
  15  0:39  SCV  
  15  0:40  Barracks  
  16  0:44  Refinery  
  16  0:51  SCV  
  17  1:03  SCV  
  18  1:15  SCV  
  19  1:32  Reaper, Orbital Command  
  20  1:41  Command Center  
  20  1:48  Supply Depot  
  20  1:57  SCV  
  21  2:04  Marine  
  22  2:08  Factory  
  22  2:15  SCV  
  23  2:18  Refinery  
  23  2:23  Barracks Reactor  
  23  2:27  SCV  
  24  2:39  SCV  
  26  2:51  SCV  
  26  2:53  Orbital Command, Widow Mine  
  26  2:56  Starport  
  28  2:58  Marine  
  28  2:59  Marine  
  28  3:03  SCV  
  31  3:15  SCV  
  31  3:16  Marine x2, Factory Tech Lab  
  34  3:20  SCV  
  35  3:27  Supply Depot, SCV  
  35  3:32  SCV  
  37  3:34  Marine x2  
  37  3:39  SCV  
  40  3:42  Raven, Factory Tech Lab  
  40  3:44  SCV  
  43  3:51  SCV  
  43  3:52  Marine x2  
  43  3:54  Supply Depot  
  46  3:56  SCV  
  47  4:04  SCV  
  47  4:07  Supply Depot  
  47  4:08  SCV  
  47  4:09  Siege Tank  
  52  4:14  Barracks  
  52  4:15  Barracks  
  52  4:16  SCV  
  53  4:21  SCV  
  53  4:33  SCV  
  53  4:34  SCV  
  53  4:35  Refinery  
  53  4:36  Refinery  
  53  4:37  Engineering Bay  
  53  4:38  Supply Depot  
  55  4:42  Marauder  
  55  4:43  Stimpack, Starport Reactor  
  57  4:46  SCV x2  
  59  4:58  Supply Depot, SCV x2  
  61  5:04  Marine  
  61  5:05  Factory Reactor  
  62  5:10  SCV x2  
  62  5:13  Marine x2  
  68  5:15  Marine, Combat Shield  
  68  5:20  Supply Depot  
  67  5:22  Barracks  
  67  5:23  Terran Infantry Weapons Level 1  
  67  5:24  Barracks, SCV x2  
  67  5:25  Marine  
  70  5:30  Marine  
  70  5:31  Marine  
  72  5:36  Supply Depot  
  72  5:38  Marine  
  72  5:42  Marine, Widow Mine x2, Medivac x2  
  83  5:48  Marine  
  83  5:50  Marine  
  83  5:55  Supply Depot  
  87  5:57  SCV x2, Marauder  
  87  6:00  Supply Depot  
  87  6:01  Marauder  
  90  6:04  Widow Mine x2  
  90  6:06  Marine  
  90  6:08  Marine  
  94  6:11  Barracks Tech Lab, Barracks Reactor  
  94  6:16  Medivac x2  
  98  6:24  Marauder  
  98  6:25  Supply Depot x2, Marauder  
  102  6:28  Widow Mine x2  
  106  6:33  Concussive Shells  
  105  6:41  Marine x2  
  105  6:42  Marauder  
  105  6:46  Command Center  
  109  6:52  Marine, Marauder  
  109  6:53  Marine x2  
  114  7:00  Supply Depot  
  114  7:04  Marine x2, Marauder  
  118  7:19  Marine x2  
  118  7:20  Marauder x2  
  124  7:26  Marauder  
  124  7:29  Marine  
  126  7:30  Marine  
  126  7:31  SCV  
  129  7:37  Marine  
  129  7:41  Marauder x2  
  124  7:48  Marine x3  
  124  7:49  Widow Mine x2, Marauder  
Tags
 
Add a new tag
Caveats
  • Supply blocks, unpowered buildings, or Contaminate may cause inaccurate times.
  • Supply counts are checked every 10 seconds.